 Dungeon Crawl Stone Soup version 0.17-a0-2030-g9ce824c (webtiles) character file.

6811 Ghalim the Fighter (level 11, -5/89 HPs)
             Began as a Human Conjurer on Oct 10, 2015.
             Was a High Priest of Okawaru.
             Killed from afar by a gargoyle (23 damage)
             ... with a stone arrow
             ... on level 8 of the Dungeon on Oct 11, 2015.
             The game lasted 00:54:13 (16977 turns).

Ghalim the Fighter (Human Conjurer)                Turns: 16977, Time: 00:54:13

Health: -5/89      AC:  8    Str: 15    XL:     11   Next: 25%
Magic:  8/14       EV: 15    Int: 16    God:    Okawaru [*****.]
Gold:   278        SH:  7    Dex: 13    Spells: 2 memorised, 11 levels left

rFire  + . .     SeeInvis .     z - +3 whip (venom)
rCold  . . .     Clarity  .     g - +0 leather armour
rNeg   . . .     SustAt   .     h - +0 buckler
rPois  .         Gourm    .     i - +1 helmet
rElec  .         Spirit   .     m - +0 cloak
rCorr  .         Warding  .     (no gloves)
rMut   .         Stasis   .     (no boots)
MR     .....                    l - amulet of faith
Stlth  +++.......               x - ring of protection from fire
                                t - +3 ring of strength

@: about to teleport, heroism, not resistant to hostile enchantments, fairly
stealthy
A: no striking features
a: Heroism, Finesse, Renounce Religion


You were on level 8 of the Dungeon.
You worshipped Okawaru.
Okawaru was extremely pleased with you.
You were hungry.

You visited 2 branches of the dungeon, and saw 10 of its levels.

You collected 525 gold pieces.
You spent 247 gold pieces at shops.

Inventory:

Hand Weapons
 c - the cursed +1 long sword of Utuv Pank {slice, Dex+5, unknown}
   (You found it on level 9 of the Dungeon)

   It inflicts extra damage upon your enemies.
   It affects your dexterity (+5).
   It has a curse placed upon it.
 z - a +3 whip of venom (weapon)
Armour
 g - a +0 leather armour (worn)
 h - a +0 buckler (worn)
 i - a +1 helmet (worn)
 m - a +0 cloak (worn)
Magical Staves
 w - an uncursed staff of power
Jewellery
 l - an amulet of faith (around neck)
 t - a +3 ring of strength (left hand)
 x - a ring of protection from fire (right hand)
Wands
 d - a wand of fireball (7)
 j - a wand of slowing (21)
 A - a wand of lightning (14)
 E - a wand of polymorph (10)
 F - a wand of confusion (26)
Scrolls
 a - 8 scrolls of magic mapping
 e - 2 scrolls of identify
 f - a scroll of enchant armour
 o - 3 scrolls of teleportation
 r - a scroll of noise {unknown}
 u - a scroll of fog
 v - 2 scrolls of remove curse
 y - a scroll of silence {unknown}
 B - a scroll of recharging {unknown}
 C - a scroll of vulnerability {unknown}
Potions
 k - 3 potions of agility
 n - 2 potions of might
 p - 3 potions of heal wounds {unknown}
 q - a potion of invisibility
 s - a potion of ambrosia {unknown}
 D - a potion of haste {unknown}
Books
 b - a book of Conjurations

   Spells                             Type                      Level
   a - Magic Dart                     Conjuration                  1
   b - Searing Ray                    Conjuration                  2
   c - Dazzling Spray                 Conjuration/Hexes            3
   d - Fulminant Prism                Conjuration/Hexes            4
   e - Iskenderun's Mystic Blast      Conjuration                  4
   f - Iskenderun's Battlesphere      Conjuration/Charms           5


   Skills:
 + Level 9.4(14.4) Fighting
 + Level 9.2(14.2) Maces & Flails
 - Level 7.0(12.0) Armour
 - Level 2.0(7.0) Dodging
 - Level 2.0(7.0) Stealth
 - Level 7.0(12.0) Shields
 - Level 2.0 Spellcasting
 - Level 4.0 Conjurations


You had 11 spell levels left.
You knew the following spells:

 Your Spells              Type           Power        Failure   Level  Hunger
a - Magic Dart            Conj           ##..         4%          1    #......
b - Searing Ray           Conj           ##....       10%         2    ###....


Dungeon Overview and Level Annotations

Branches:
Dungeon (9/15)             Temple (1/1) D:4             Orc (0/4) D:9
   Lair: D:8-11

Altars:
Ashenzari
Cheibriados
Dithmenos
Elyvilon
Kikubaaqudgha
Makhleb
Nemelex Xobeh
Okawaru
Qazlal
Trog
Xom
Yredelemnul
Zin
The Shining One

Shops:
D:6 [

Annotations:
D:3 Eustachio
D:8 Haruko's ghost, novice NaGl; Joseph


Message History

The searing ray hits the gargoyle.
The gargoyle hits you but does no damage.
The searing ray hits the gargoyle.
The searing ray misses the gargoyle.
The gargoyle hurls a stone arrow at you.
The stone arrow hits you!
* * * LOW HITPOINT WARNING * * *
Use which ability?
You gain the combat prowess of a mighty hero.
You feel slightly more hungry. The gargoyle barely misses you.
You closely miss the gargoyle. You block the gargoyle's attack.
You hit the gargoyle but do no damage. You hit the gargoyle but do no damage.
The gargoyle hits you with a mace.
* * * LOW HITPOINT WARNING * * *
Read which item? (? for menu, Esc to quit)
As you read the scroll of teleportation, it crumbles to dust.
You feel strangely unstable.
The gargoyle hurls a stone arrow at you.
The stone arrow hits you!
You die...

.......#.##....#########....####.
......##.###...# #.......# ##
.....###.......# #.#.###.# #
#...## #######.#### #.....#.#
##'## #....# #.....#.# #.# #.##.#
#.....#.# #.# #9.#.# #.......#
##.## #.>#.# #.....### #...##
#..@.# #####.# ..(..# ##.### #.#
## ....###########.# ##.#####.
................# #.#......
.#(############## ##.###### ##.#
### #(# ##.# #..#


You could see a gargoyle.

Vanquished Creatures
  A hill giant (D:9)
  A griffon (D:9)
  A troll (D:9)
  A two-headed ogre (D:9)
  A wyvern (D:9)
  3 hungry ghosts
  4 hippogriffs
  3 ice beasts
  A necrophage (D:9)
  5 ogres
  A wasp (D:8)
  5 black bears
  3 phantoms
  2 sky beasts
  5 centaurs
  A big kobold (D:8)
  4 giant frogs
  A troll zombie (D:9)
  A vampire bat (D:4)
  5 killer bees
  5 crimson imps
  5 hounds
  A jelly (D:5)
  Crazy Yiuf (D:2)
  2 giant frog skeletons
  2 centaur skeletons
  5 orc priests
  12 orc wizards
  An iguana (D:4)
  5 worker ants
  7 ogre zombies (D:9)
  A hound zombie (D:7)
  Robin (D:1)
  14 adders
  4 gnolls (D:4)
  2 shadow imps
  2 oozes
  2 adder skeletons
  An adder zombie (D:5)
  2 worms
  8 giant geckos
  37 orcs
  6 giant cockroaches
  17 goblins
  10 hobgoblins
  13 jackals
  9 kobolds
  5 quokkas
  A ball python (D:2)
  10 bats
  A giant gecko skeleton (D:4)
  6 giant newts
  A goblin skeleton (D:9)
  2 goblin zombies (D:9)
  A hobgoblin skeleton (D:9)
  2 hobgoblin zombies (D:9)
  2 jackal skeletons
  An orc skeleton (D:9)
  18 orc zombies (D:9)
  6 rats
280 creatures vanquished.

Notes
Turn   | Place    | Note
--------------------------------------------------------------
     0 | D:1      | Ghalim the Human Conjurer began the quest for the Orb.
     0 | D:1      | Reached XP level 1. HP: 13/13 MP: 3/3
   267 | D:1      | Reached skill level 1 in Fighting
   267 | D:1      | Reached skill level 1 in Maces & Flails
   267 | D:1      | Reached XP level 2. HP: 19/21 MP: 0/5
  1150 | D:1      | Reached XP level 3. HP: 18/26 MP: 1/6
  1452 | D:2      | Noticed Robin
  1476 | D:1      | Killed Robin
  1720 | D:2      | Reached XP level 4. HP: 33/33 MP: 1/7
  1935 | D:2      | Learned a level 2 spell: Searing Ray
  2045 | D:2      | Noticed Crazy Yiuf
  2390 | D:2      | Noticed an angel
  2393 | D:2      | Found a shimmering altar of Xom.
  2393 | D:2      | Found a glowing silver altar of Zin.
  2543 | D:1      | Reached XP level 5. HP: 35/39 MP: 4/8
  2720 | D:2      | Killed Crazy Yiuf
  3376 | D:3      | Found a faded altar to an unknown god.
  4043 | D:3      | Found a glowing golden altar of the Shining One.
  4122 | D:2      | Reached XP level 6. HP: 30/47 MP: 0/9
  4592 | D:4      | Found a staircase to the Ecumenical Temple.
  4598 | Temple   | Entered the Ecumenical Temple
  4606 | Temple   | Became a worshipper of Warmaster Okawaru
  5415 | D:4      | Reached XP level 7. HP: 55/55 MP: 2/10
  5516 | D:4      | Noticed Eustachio
  5840 | D:4      | Reached skill level 5 in Fighting
  6125 | D:4      | Reached skill level 5 in Maces & Flails
  6270 | D:4      | Noticed a black bear
  6284 | D:4      | Killed a black bear
  6284 | D:4      | Acquired Okawaru's first power
  6284 | D:4      | Reached skill level 1 in Armour
  6284 | D:4      | Reached skill level 1 in Shields
  6424 | D:4      | Found a burning altar of Makhleb.
  6425 | D:4      | Found a basalt altar of Yredelemnul.
  6675 | D:5      | Entered Level 5 of the Dungeon
  6842 | D:4      | Reached XP level 8. HP: 26/62 MP: 3/11
  8711 | D:4      | Reached XP level 9. HP: 61/68 MP: 8/12
  8759 | D:5      | Reached skill level 5 in Shields
  8790 | D:4      | Reached skill level 5 in Armour
  9454 | D:6      | Reached skill level 6 in Armour
 10647 | D:6      | Found Vatze's Antique Armour Shop.
 10726 | D:6      | Bought a pair of shimmering gloves for 247 gold pieces
 10731 | D:6      | Identified the +1 pair of gloves of Nyivaocw {-Cast +Inv rPois} (You bought it in a shop on level 6 of the Dungeon)
 10796 | D:6      | Reached skill level 7 in Armour
 11133 | D:7      | Found a shattered altar of Ashenzari.
 11336 | D:7      | Reached XP level 10. HP: 63/76 MP: 13/13
 12286 | D:8      | Found a white marble altar of Elyvilon.
 12286 | D:8      | Found a bloodstained altar of Trog.
 12636 | D:8      | Noticed Joseph
 13028 | D:8      | Noticed Haruko's ghost (novice NaGl)
 13740 | D:9      | Noticed a hill giant
 14546 | D:9      | Found a staircase to the Orcish Mines.
 15189 | D:9      | Reached skill level 8 in Fighting
 15967 | D:9      | Got a warped long sword
 16013 | D:9      | Reached XP level 11. HP: 22/87 MP: 9/14
 16421 | D:9      | Noticed a griffon
 16462 | D:9      | Killed a hill giant
 16462 | D:9      | Reached skill level 9 in Fighting
 16506 | D:9      | Killed a griffon
 16805 | D:9      | Acquired Okawaru's second power
 16961 | D:8      | Noticed a gargoyle
 16977 | D:8      | Killed from afar by a gargoyle

Vault maps used:
D:1:      dpeg_arrival_simpleton_b, st_stairs_13, minmay_misc_feat_rugged
D:2:      grunt_temple_overflow_order_and_chaos_1, first_bread,
          minmay_misc_feat_hallway, hangedman_decor_peaks_small, uniq_robin,
          uniq_crazy_yiuf_cottage
D:3:      minmay_door_path, nicolae_overflow_crystal_walls, ecumenical_altar_2
D:4:      black_bear_nest_1, gammafunk_temple_overflow_pools, temple_fountains,
          st_stairs_6, roderic_batcave, uniq_eustachio
D:5:      minivault_26
D:6:      serial_shops, nicolae_shop_overgrown_old_shop
D:7:      evilmike_ruin_ashenzari
D:8:      gammafunk_temple_overflow_elements, uniq_joseph
D:9:      wad_arrow_thing, lair_0_dummy, zombieorc2_lemuel, minivault_22
Temple:   circular_temple_12

Action                   |  1- 3 |  4- 6 |  7- 9 | 10-12 || total
-------------------------+-------+-------+-------+-------++-------
Melee: Mace              |    19 |    16 |       |       ||    35
       Flail             |       |     2 |    17 |       ||    19
       Whip              |       |       |   264 |   518 ||   782
 Cast: Magic Dart        |    55 |   134 |   118 |    28 ||   335
       Searing Ray       |       |    18 |    40 |    17 ||    75
Invok: Heroism           |       |       |     1 |     5 ||     6
  Use: Scroll            |       |     3 |    13 |     1 ||    17
       Potion            |       |       |     5 |     1 ||     6
 Stab: Sleeping          |       |       |     2 |       ||     2
  Eat: Meat ration       |     1 |       |     1 |       ||     2
       Chunk             |       |    13 |    22 |     8 ||    43
       Royal jelly       |       |       |     2 |       ||     2
       Bread ration      |       |       |     1 |     5 ||     6
       Pizza             |       |       |       |     1 ||     1
